AoeStats
← TrOuLi

MegaRandom

508651113Analyzed
3v3 RM · 8d ago on Sep 23, 2026· 31m 6s· 6 players
Game mode
Random Map
Map size
Normal (6 player)
Population
200
Speed
Normal
Resources
Standard
Victory
Conquest
Starting age
Dark Age
Ending age
Imperial Age
RankedLock teamsTeams togetherTeam positionsShared explorationLock speedFull tech treeHidden civsTurbo modeCheats
Victory
Defeat
🇨🇴 Franks · Colombia
836
+13
🇩🇪 Varangians · Germany
820
+14
🇺🇸 Danes · United States
817
+15
🇵🇱 Dravidians · Poland
1000
-76
🇧🇷 Japanese · Brazil
776
-14
🇵🇱 Franks · Poland
562
-6
KripticWaffle
15:53 Feudal Age
19:38 Castle Age
17:26 Double-Bit Axe
21:44 Wheelbarrow
22:48 Bow Saw
23:02 Hand Cart
27:14 Gold Mining
27:15 Stone Mining
29:06 Gold Shaft Mining
32:36 Imperial Age
David Ygra
0:42 Loom
11:31 Feudal Age
12:20 Double-Bit Axe
12:27 Gold Mining
14:58 Horse Collar
15:24 Fishing Lines
17:01 Wheelbarrow
22:49 Castle Age
21:12 Bloodlines
21:06 Stone Mining
22:22 Scale Barding Armor
22:51 Forging
22:52 Pikeman
23:41 Husbandry
31:19 Heavy Plow
luhigy23
0:28 Loom
13:43 Feudal Age
15:08 Wheelbarrow
14:42 Fishing Lines
20:17 Castle Age
22:20 Scale Barding Armor
29:48 Gillnets
FSaka
4:11 Loom
11:01 Feudal Age
14:04 Double-Bit Axe
16:52 Wheelbarrow
19:21 Castle Age
18:02 Horse Collar
20:06 Forging
19:56 Scale Mail Armor
20:58 Heavy Plow
24:59 Fletching
24:58 Pikeman
TrOuLi
13:56 Feudal Age
16:03 Double-Bit Axe
23:20 Castle Age
Chized
12:31 Feudal Age
22:04 Castle Age
Connection lost

Rejoining the realm…

Still unreachable

The connection could not be restored.

Session expired

The server has moved on; the page needs a fresh start.